 Dungeon Crawl Stone Soup version 0.23.1 (webtiles) character file.

Game seed: 10296676056728017655

158 Borgoz the Sneak (level 5, 0/40 HPs)
             Began as a Ghoul Enchanter on Mar 9, 2019.
             Slain by a goblin (2 damage)
             ... on level 2 of the Dungeon.
             The game lasted 00:05:31 (2215 turns).

Borgoz the Sneak (Ghoul Enchanter)                  Turns: 2215, Time: 00:05:32

Health: 0/40       AC:  3    Str: 12    XL:     5   Next: 39%
Magic:  7/7        EV: 12    Int: 10    God:
Gold:   84         SH:  0    Dex: 10    Spells: 5/8 levels left

rFire    . . .     SeeInvis .   a - +1 dagger
rCold    + . .     Gourm    .   (no shield)
rNeg     + + +     Faith    .   h - +0 leather armour
rPois    ∞         Spirit   .   (no helmet)
rElec    .         Reflect  .   (no cloak)
rCorr    .         Harm     .   (no gloves)
MR       .....                  (no boots)
Stlth    +++.......             e - amulet of magic regeneration
HPRegen  0.00/turn              c - ring of stealth
MPRegen  0.35/turn              (no ring)

@: very slightly contaminated, rotting
A: rotting body, claws 1, carnivore, cold resistance 1, negative energy
resistance 3, inhibited regeneration, torment resistance, unbreathing
a: no special abilities


You were on level 2 of the Dungeon.
You were not hungry.

You visited 1 branch of the dungeon, and saw 2 of its levels.

You collected 84 gold pieces.

Inventory:

Hand Weapons
 a - a +1 dagger (weapon)
Missiles
 j - 2 needles of sleeping
Armour
 h - a +0 leather armour (worn)
Jewellery
 c - a ring of stealth (left claw)
 e - an amulet of magic regeneration (around neck)
Scrolls
 g - 2 scrolls of identify
 k - a scroll of remove curse
Potions
 f - a potion of curing
Comestibles
 d - 5 rations
 i - 5 chunks of flesh


   Skills:
 + Level 1.0 Fighting
 + Level 2.4 Short Blades
 + Level 1.0 Armour
 + Level 2.2 Dodging
 + Level 4.3 Stealth
 + Level 2.1 Spellcasting
 + Level 2.9 Hexes
 + Level 0.3 Ice Magic


You had 5 spell levels left.
You knew the following spells:

 Your Spells              Type           Power        Failure   Level  Hunger
a - Corona                Hex            #......      12%         1    ##.....
b - Ensorcelled Hibernat  Hex/Ice        #.....       30%         2    ###....

Your spell library contained the following spells:

 Spells                   Type           Power        Failure   Level  Hunger
 Confuse                  Hex            #.......     34%         3    ####...
 Tukima's Dance           Hex            #.......     34%         3    ####...
 Dazzling Spray           Conj/Hex       #.....       54%         3    ####...


Dungeon Overview and Level Annotations

Branches:
Dungeon (2/15)

Altars:


Innate Abilities, Weirdness & Mutations

Your body is rotting away.
You thrive on raw meat.
You are immune to poison.
You have sharp fingernails.
You are carnivorous and can eat meat at any time.
Your flesh is cold resistant. (rC+)
You are immune to negative energy. (rN+++)
You do not regenerate when monsters are visible.
You are immune to unholy pain and torment.
You can survive without breathing.


Message History

The ball python constricts you.
The gnoll hits you from afar with a +0 spear.
The goblin hits you with a +0 dagger of protection.
You closely miss the ball python.
The ball python is moderately wounded.
The ball python bites you but does no damage.
The ball python constricts you. The goblin barely misses you.
The gnoll hits you from afar with a +0 spear!
* * * LOW HITPOINT WARNING * * *
The goblin hits you but does no damage.
You hit the ball python.
You kill the ball python!
The goblin closely misses you.
A crimson imp comes into view.
The gnoll hits you from afar with a +0 spear!
* * * LOW HITPOINT WARNING * * *
The goblin hits you with a +0 dagger of protection.
* * * LOW HITPOINT WARNING * * *
The goblin hits you.
You die...

#....####...#....#....#######....
#....##..........................
#..........#..........#..........
#.............[..###.##..........
##...÷.....##...................h
#....##.#.###....#####...........
..#..##.#.# #...g####............
###..##.#.# #..gg#........)....##
# #..##.#.# #..g@#.#.........###
#..# .# #...†.....######.# .##..#
.......w.....# ##.# ......
#.##.........# #b.# ###... #
#.........# #b## ##.. #.........#
... .... ................
5..........#..... #.....


You could see a worm, a gnoll, a crimson imp (wandering), a hobgoblin and 2
goblins.

Vanquished Creatures
  Natasha (thrice) (D:2)
  2 gnolls
  An adder (D:1)
  An ooze (D:2)
  4 dart slugs
  5 bats
  3 giant cockroaches (D:1)
  8 goblins
  5 hobgoblins
  A quokka (D:1)
  A ball python (D:2)
  3 frilled lizards
  2 kobolds (D:1)
  8 rats
47 creatures vanquished.

Notes
Turn   | Place    | Note
-------+----------+-------------------------------------------
     0 | D:1      | Borgoz the Ghoul Enchanter began the quest for the Orb.
     0 | D:1      | Reached XP level 1. HP: 14/14 MP: 2/2
   333 | D:1      | Reached XP level 2. HP: 15/20 MP: 3/3
   733 | D:1      | Reached skill level 1 in Short Blades
   775 | D:1      | Reached XP level 3. HP: 23/26 MP: 4/4
  1291 | D:1      | Learned a level 2 spell: Ensorcelled Hibernation
  1484 | D:2      | Reached skill level 4 in Stealth
  1492 | D:2      | Noticed Natasha
  1508 | D:2      | Killed Natasha
  1508 | D:2      | Reached XP level 4. HP: 14/33 MP: 5/5
  1511 | D:2      | Noticed Natasha
  1521 | D:2      | Killed Natasha
  1752 | D:2      | Noticed Natasha
  1759 | D:2      | Killed Natasha
  1759 | D:2      | Reached XP level 5. HP: 37/37 MP: 4/7
  1861 | D:2      | Reached skill level 1 in Fighting
  2027 | D:1      | Reached skill level 1 in Armour
  2215 | D:2      | HP: 2/40 [goblin/+0 dagger of protection (1)]
  2215 | D:2      | Slain by a goblin

Skill      XL: |  1  2  3  4  5 |
---------------+----------------+-----
Dodging        | 2 |  2.2
Short Blades   | 1 2 |  2.4
Stealth        | 4 |  4.3
Spellcasting   | 2 |  2.1
Fighting       | 1 |  1.0
Armour         | 1 |  1.0
Hexes          | |  2.9
Ice Magic      | |  0.3

Action                   |  1- 3 |  4- 6 || total
-------------------------+-------+-------++-------
Melee: Dagger            |   109 |    52 ||   161
 Cast: Corona            |     2 |       ||     2
       Ensorcelled Hiber |     1 |    14 ||    15
  Use: Scroll            |       |     5 ||     5
 Stab: Sleeping          |    12 |     6 ||    18
  Eat: Chunk             |     2 |     4 ||     6
Armor: Robe              |     2 |       ||     2
       Leather armour    |    26 |    28 ||    54
Dodge: Dodged            |    77 |    65 ||   142
